 Dungeon Crawl Stone Soup version 0.26.1-2-gb8aa6d0cf2 (webtiles) character file.

Game seed: 8423159941341258461

144 Marvel the Ruffian (level 5, -4/46 HPs)
             Began as a Ghoul Monk on Feb 13, 2021.
             Was a Believer of Qazlal.
             Killed by divine providence
             ... invoked by an orc priest
              (15 damage)
             ... on level 3 of the Dungeon.
             The game lasted 00:04:46 (2438 turns).

Marvel the Ruffian (Ghoul Monk)                     Turns: 2438, Time: 00:04:47

Health: -4/46      AC:  3    Str: 16    XL:     5   Next: 26%
Magic:  4/4        EV: 13    Int:  5    God:    Qazlal [**....]
Gold:   178        SH:  2    Dex: 11    Spells: 4/4 levels left

rFire    + . .     SeeInvis .     - Unarmed
rCold    + + .     Faith    .   (no shield)
rNeg     + + +     Spirit   .   a - +0 robe
rPois    ∞         Reflect  .   (no helmet)
rElec    .         Harm     .   f - +0 cloak
rCorr    .         Rampage  .   j - -1 pair of gloves (curse)
Will     .....                  (no boots)
Stlth    ++........             (no amulet)
HPRegen  0.00/turn              b - ring of protection from fire
MPRegen  0.09/turn              i - ring of protection from cold

@: no status effects
A: claws 1, cold resistance 1, negative energy resistance 3, inhibited
regeneration, torment resistance, unbreathing
a: Renounce Religion, Upheaval


You were on level 3 of the Dungeon.
You worshipped Qazlal.
Qazlal was pleased with you.
You visited 1 branch of the dungeon, and saw 3 of its levels.

You collected 178 gold pieces.

Inventory:

Hand Weapons
 k - a +5 dagger
Armour
 a - a +0 robe (worn)
 f - a +0 cloak (worn)
 j - a cursed -1 pair of gloves (worn)
Jewellery
 b - a ring of protection from fire (left hand)
 i - a ring of protection from cold (right hand)
Scrolls
 c - 2 scrolls of remove curse {unknown}
 d - a scroll of identify {unknown}
 e - a scroll of magic mapping {unknown}
Potions
 g - a potion of curing {unknown}
 h - 2 potions of lignification {unknown}


   Skills:
 + Level 4.0 Fighting
 - Level 3.0 Dodging
 + Level 3.4 Stealth
 + Level 5.0 Unarmed Combat


You had 4 spell levels left.
You didn't know any spells.
Your spell library was empty.

Dungeon Overview and Level Annotations

Branches:
Dungeon (3/15)

Altars:
Okawaru
Qazlal
Sif Muna
Xom
The Shining One

Annotations:
D:3 Ijyb


Innate Abilities, Weirdness & Mutations

You thrive by killing the living.
You are immune to poison.
You have sharp fingernails.
Your flesh is cold resistant. (rC+)
You are immune to negative energy. (rN+++)
You do not regenerate when monsters are visible.
You are immune to unholy pain and torment.
You can survive without breathing.


Message History

You hit the kobold.
The kobold is severely wounded.
The goblin hits you. The orc completely misses you.
The goblin closely misses you. The goblin misses you.
The orc priest looks satisfied for a moment.
You punch the goblin!
You kill the goblin!
Qazlal accepts your kill. The kobold hits you with a +0 dagger.
The goblin closely misses you. The goblin barely misses you.
You block the orc's attack.
You see here a +0 club.
Ijyb the Twisted Goblin comes into view.
She is carrying a wand of flame (15).
The kobold hits you with a +0 dagger.
* * * LOW HITPOINT WARNING * * *
The goblin no longer looks unusually strong.
The goblin no longer looks unusually strong.
The orc priest invokes the aid of Beogh against you.
Beogh smites you!
You die...

#......#######
...##....†....#
#####.######.# #.#
#####.### #.......#
#.......# .
#####.......#### $.
.......K.@<....###
...#####.o.g....##....
.........go.....##...
..>.....)°......).....
.......go###.##.##....
...####..# #.)<.......
....# ###..######
###g## #..# ... #..#


You could see an orc priest, 2 orcs, 3 goblins and a kobold.

Vanquished Creatures
  Jessica (D:2)
  Terence (D:3)
  Robin (D:3)
  2 adders (D:2)
  2 oozes (D:1)
  4 dart slugs (D:1)
  A leopard gecko (D:2)
  A ball python (D:2)
  2 giant cockroaches (D:1)
  9 goblins
  9 hobgoblins
  4 bats
  3 frilled lizards
  4 kobolds
  7 rats
51 creatures vanquished.

Notes
Turn   | Place    | Note
-------+----------+-------------------------------------------
     0 | D:1      | Marvel the Ghoul Monk began the quest for the Orb.
     0 | D:1      | Reached XP level 1. HP: 19/19 MP: 0/0
   118 | D:1      | Reached XP level 2. HP: 17/26 MP: 1/1
   402 | D:1      | Reached XP level 3. HP: 33/33 MP: 2/2
   844 | D:1      | Reached skill level 4 in Unarmed Combat
  1135 | D:2      | Reached XP level 4. HP: 27/40 MP: 3/3
  1309 | D:2      | Found a shimmering blue altar of Sif Muna.
  1407 | D:2      | Found a stormy altar of Qazlal.
  1439 | D:2      | Became a worshipper of Qazlal Stormbringer
  1439 | D:2      | Reached * piety under Qazlal
  1439 | D:2      | Reached ** piety under Qazlal
  1686 | D:2      | Noticed Jessica
  1687 | D:2      | Found a shimmering altar of Xom.
  1693 | D:2      | Killed Jessica
  1708 | D:2      | Found a glowing golden altar of the Shining One.
  1734 | D:2      | Found an iron altar of Okawaru.
  1995 | D:3      | Noticed Robin
  2268 | D:3      | Noticed Terence
  2284 | D:3      | Killed Terence
  2285 | D:3      | Reached skill level 5 in Unarmed Combat
  2285 | D:3      | Reached XP level 5. HP: 30/46 MP: 4/4
  2430 | D:3      | Killed Robin
  2434 | D:3      | Noticed Ijyb
  2438 | D:3      | Killed from afar by an orc priest

Illustrated notes

Levels and vault maps discovered:
D:1:      mrwooster_arrival_statue, layout_rooms, minmay_misc_feat_rows,
          minmay_cut_off
D:2:      layout_basic, nicolae_overflow_quartered_altars,
          grunt_qazlal_sundering, uniq_jessica
D:3:      layout_loops_cross, grunt_decor_one_mirror, led_sif_book,
          uniq_natasha, uniq_ijyb, uniq_terence, uniq_robin

Skill      XL: |  1  2  3  4 |
---------------+-------------+-----
Dodging        | 3 |  3.0
Unarmed Combat | 4 5 |  5.0
Fighting       | 4 |  4.0
Stealth        | 3 |  3.4

Action                   |  1- 3 |  4- 6 || total
-------------------------+-------+-------++-------
Melee: Unarmed           |    91 |    62 ||   153
       Punch             |     2 |     1 ||     3
  Use: Scroll            |       |     2 ||     2
 Stab: Sleeping          |     6 |     1 ||     7
Armor: Robe              |     9 |    10 ||    19
Dodge: Dodged            |    65 |    43 ||   108
Block: Other             |       |     7 ||     7
